 Dungeon Sprint DCSS version 0.31-a0-460-g9e667d4245 (webtiles) character file.

Game seed: 11878632379567284989

585 rocky1 the Martial Artist (level 7, -4/42 (44) HPs)
             Began as an Octopode Shapeshifter on Aug 5, 2023.
             Was an Initiate of Gozag.
             Slain by a wight
             ... wielding a +3 trident
              (15 damage)
             ... in the Dungeon (Sprint IX: "|||||||||||||||||||||||||||||").
             The game lasted 00:01:03 (484 turns).

rocky1 the Martial Artist (Octopode Shapeshifter)    Turns: 484, Time: 00:01:05

HP:   -4/42 (44)    AC:  1    Str: 20    XL:     7   Next: 37%
MP:   7/7           EV: 15    Int: 10    God:    Gozag
Gold: 0             SH:  0    Dex: 15    Spells: 6/6 levels left

rFire   . .          .
                       - Unarmed
rCold   . . .        (no shield)
rNeg    . . .        (helmet currently unavailable)
rPois   .            (no amulet)
rElec   .            l - +3 ring of strength
rCorr   .            m - +3 ring of strength
SInv    .            (no ring)
Will    .....        (no ring)
Stlth   +++          (no ring)
HPRegen 0.27/turn    (no ring)
MPRegen 0.10/turn    (no ring)
                     (no ring)

%: no teleportation
@: beast-form, gold aura, on berserk cooldown, slowed, lightly drained, very
slow
A: beast (slay +6), almost no armour, amphibious, 8 rings, camouflage 1,
gelatinous body 1, (nimble swimmer 1), tentacles
a: Begin Untransformation, Renounce Religion, Potion Petition, Call Merchant,
Bribe Branch


You were in the Dungeon.
You worshipped Gozag.
Gozag was noncommittal.
You were a hulking beast.
You visited 1 branch

Inventory:

Jewellery
 l - a +3 ring of strength (left tentacle)
 m - a +3 ring of strength (right tentacle)
Talismans
 b - a beast talisman (active)
Wands
 k - a wand of iceblast (10)
Scrolls
 h - 2 scrolls of blinking
 j - 2 scrolls of amnesia
Potions
 a - a potion of lignification
 c - 5 potions of curing
 e - a potion of haste
 f - 4 potions of magic
 i - a potion of heal wounds


   Skills:
 + Level 1.9 Fighting
 + Level 4.7 Dodging
 + Level 2.5 Stealth
 + Level 10.2 Unarmed Combat
 + Level 9.7 Shapeshifting


You had 6 spell levels left.
You didn't know any spells.
Your spell library was empty.

Dungeon Overview and Level Annotations

Branches:
Dungeon (1/1)

Altars:
Cheibriados
Dithmenos
Elyvilon
Fedhas
Gozag
Hepliaklqana
Kikubaaqudgha
Makhleb
Nemelex Xobeh
Okawaru
Qazlal
Ru
Sif Muna
Trog
Uskayaw
Vehumet
Wu Jian
Xom
Yredelemnul
Zin
The Shining One
Jiyva
Lugonu


Innate Abilities, Weirdness & Mutations

You are a hulking beast.
Your limbs bulge with bestial killing power. (Slay +6)
You cannot wear most types of armour.
You are amphibious.
You can wear up to eight rings at the same time.
Your skin changes colour to match your surroundings (Stealth+).
Your rubbery body absorbs attacks. (AC +1, EV +1)
((You are camouflaged when in or above water. (Stealth+)))
You have tentacles for arms and can constrict up to eight enemies at once.


Message History

The centaur hits you. The centaur misses you. The centaur barely misses you. x2
You bump into the unnaturally hard rock wall.
You feel less confused. The centaur closely misses you.
The centaur completely misses you. The centaur misses you.
The centaur barely misses you.
You bludgeon the centaur!
The centaur is heavily wounded.
The centaur hits you but does no damage.
The centaur completely misses you. The centaur misses you.
The centaur barely misses you.
You catch the helpless centaur completely off-guard!
You bludgeon the centaur!
You kill the centaur!
You flicker back into view.
The wight is distracted by your dazzling golden aura.
Your Stealth skill increases to level 2!
You have reached level 7!
Unknown command.
You bludgeon the orc warrior! You grab the orc warrior.
The orc warrior is heavily wounded.
You constrict the orc warrior, but do no damage.
The orc warrior hits you with a +0 hand axe.
The orc warrior barely misses you.
You barely miss the orc warrior. You squeeze the orc warrior.
The orc warrior is severely wounded.
You constrict the orc warrior. The orc warrior closely misses you.
You bludgeon the orc warrior!
You kill the orc warrior!
Your Unarmed Combat skill increases to level 10!
The wight is no longer distracted by gold.
The wight is distracted by your dazzling golden aura.
Items here: $ )) [.
The wight is no longer distracted by gold.
The wight hits you with a +3 trident!
* * * LOW HITPOINT WARNING * * *
You feel drained.
* * * LOW HITPOINT WARNING * * *
The wight hits you with a +3 trident!
You die...
Your body crumbles into a pile of gold. $ $$$$$ $ $ $ $$$$$ $ $ ▓▓▓▓▓▓▓▓▓▓▓▓▓▓▓▓▓▓▓▓ __'..).[[[..$$$.hz.+ ▓▓▓▓▓▓▓▓▓▓▓▓▓▓▓▓▓▓▓▓

You could see a wight.

Vanquished Creatures
  A kobold demonologist (D)
  A vampire (D)
  An orc warrior (D)
  A centaur (D)
  A sleepcap (D)
  3 iguanas (D)
  An orc wizard (D)
  A white imp (D)
  A bat (D)
  2 goblins (D)
  2 hobgoblins (D)
15 creatures vanquished.

Notes
Turn   | Place    | Note
-------+----------+-------------------------------------------
     0 | D        | rocky1 the Octopode Shapeshifter began the quest for the
                  | Orb.
     0 | D        | Reached XP level 1. HP: 13/13 MP: 1/1
    14 | D        | Reached XP level 2. HP: 18/18 MP: 2/2
    25 | D        | Reached skill level 4 in Unarmed Combat
    25 | D        | Reached skill level 5 in Shapeshifting
    25 | D        | Reached XP level 3. HP: 12/23 MP: 3/3
    29 | D        | Reached skill level 5 in Unarmed Combat
    29 | D        | Reached XP level 4. HP: 10/28 MP: 4/4
    35 | D        | Reached skill level 6 in Unarmed Combat
    35 | D        | Reached XP level 5. HP: 14/33 MP: 5/5
   409 | D        | Found a snail-covered altar of Cheibriados.
   409 | D        | Found a shadowy altar of Dithmenos.
   409 | D        | Found a white marble altar of Elyvilon.
   409 | D        | Found a blossoming altar of Fedhas.
   409 | D        | Found an opulent altar of Gozag.
   410 | D        | Found a hazy altar of Hepliaklqana.
   411 | D        | Found a viscous altar of Jiyva.
   412 | D        | Found an ancient bone altar of Kikubaaqudgha.
   413 | D        | Found a corrupted altar of Lugonu.
   414 | D        | Found a burning altar of Makhleb.
   415 | D        | Found a sparkling altar of Nemelex Xobeh.
   416 | D        | Found an iron altar of Okawaru.
   417 | D        | Became a worshipper of Gozag Ym Sagoz the Greedy
   418 | D        | Found a stormy altar of Qazlal.
   419 | D        | Found a sacrificial altar of Ru.
   420 | D        | Found a shimmering blue altar of Sif Muna.
   421 | D        | Found a bloodstained altar of Trog.
   422 | D        | Found a hide-covered altar of Uskayaw.
   423 | D        | Found a radiant altar of Vehumet.
   424 | D        | Found an ornate altar of the Wu Jian Council.
   425 | D        | Found a shimmering altar of Xom.
   426 | D        | Found a basalt altar of Yredelemnul.
   427 | D        | Found a glowing silver altar of Zin.
   428 | D        | Found a glowing golden altar of the Shining One.
   455 | D        | Noticed a kobold demonologist
   455 | D        | Noticed a vampire
   455 | D        | Noticed a centaur
   455 | D        | Noticed an orc warrior
   463 | D        | Killed a kobold demonologist
   464 | D        | Reached skill level 1 in Stealth
   464 | D        | Reached skill level 9 in Unarmed Combat
   464 | D        | Reached XP level 6. HP: 38/38 MP: 6/6
   469 | D        | Killed a vampire
   479 | D        | Reached XP level 7. HP: 25/44 MP: 7/7
   482 | D        | Reached skill level 10 in Unarmed Combat
   484 | D        | Slain by a wight

Illustrated notes

Levels and vault maps discovered:
D:        linesprint [early_d, line_temple, items_1, d_10, items_2, lair_1,
          lair_end, items_3, orc_1, orc_end, items_4, d_15, swamp_1, shoals_1,
          snake_1, spider_1, d_20, vaults_1, items_5, swamp_end, shoals_end,
          snake_end, spider_end, vaults_end, d_27, items_6, zot_1, zot_end,
          crypt_end, forest_end, elf_end, slime_end, tomb_end, abyss_end,
          pan_hell_end]

Skill      XL: |  1  2  3  4  5  6  7 |
---------------+----------------------+-----
Unarmed Combat | 4 5 6 9 10 | 10.2
Shapeshifting  | 5 6 8 9 |  9.7
Dodging        | 3 4 |  4.7
Stealth        | 1 2 |  2.5
Fighting       | |  1.9

Action                     |  1- 3 |  4- 6 |  7- 9 || total
---------------------------+-------+-------+-------++-------
  Melee: Unarmed           |    16 |    19 |     3 ||    38
         Constrict         |     6 |     5 |     1 ||    12
         Tentacles         |     6 |     5 |     1 ||    12
    Use: Potion            |     1 |     3 |       ||     4
   Stab: Invisible         |       |     1 |       ||     1
 Armour: Skin              |     2 |     1 |       ||     3
  Dodge: Dodged            |     8 |    22 |     2 ||    32

Table legend: (Time is in decaauts)
 A = Elapsed time spent in this place.
 B = Non-inter-level travel time spent in this place.
 C = Inter-level travel time spent in this place.
 D = Time resting spent in this place.
 E = Time spent auto-exploring this place.
 F = Levels seen in this place.
 G = Mean time per level.
                   A        B        C        D        E       F      G
               +--------+--------+--------+--------+--------+-----+--------+
         Total |    480 |    480 |      0 |    369 |      0 |   1 |  480.0 |
       Dungeon |    480 |    480 |      0 |    369 |      0 |   1 |  480.0 |
               +--------+--------+--------+--------+--------+-----+--------+

Top non-repeatable levels by time:
       D: 480 daAuts
